 Dungeon Crawl Stone Soup version 0.17-a0-2108-g65e8068 (webtiles) character file.

5264 Gargoyl the Protected (level 10, -11/77 HPs)
             Began as a Demonspawn Abyssal Knight on Oct 19, 2015.
             Was an Elder of Lugonu.
             Mangled by a sphinx (14 damage)
             ... on level 9 of the Dungeon.
             The game lasted 00:18:44 (10135 turns).

Gargoyl the Protected (Demonspawn Abyssal Knight)  Turns: 10135, Time: 00:18:44

Health: -11/77     AC: 15    Str: 20    XL:     10   Next: 36%
Magic:  2/13       EV:  7    Int: 14    God:    Lugonu [****..]
Gold:   483        SH:  0    Dex: 17    Spells: 0 memorised, 9 levels left

rFire  + . .     SeeInvis .     q - +2 hand axe (venom)
rCold  . . .     Clarity  .     h - +0 plate armour
rNeg   . . .     SustAt   +     g - +1 shield
rPois  .         Gourm    .     (no helmet)
rElec  .         Spirit   .     u - +0 cloak
rCorr  .         Warding  .     (no gloves)
rMut   .         Stasis   .     (no boots)
MR     .....                    (no amulet)
Stlth  ..........               A - ring of sustain attributes
                                p - ring of protection from fire

@: confused, mighty, not resistant to hostile enchantments, extremely unstealthy
A: hooves 2, thin skeletal structure 2, powered by pain 1, spiny 1
a: Depart the Abyss, Bend Space, Banish, Corrupt, Renounce Religion


You were on level 9 of the Dungeon.
You worshipped Lugonu.
Lugonu was greatly pleased with you.
You were not hungry.

You visited 1 branch of the dungeon, and saw 9 of its levels.
You visited the Abyss 1 time.

You collected 483 gold pieces.

Inventory:

Hand Weapons
 l - a +2 flail of protection
 q - a +2 hand axe of venom (weapon)
Missiles
 o - 20 tomahawks (quivered)
Armour
 g - a +1 shield (worn)
 h - a +0 plate armour (worn)
 u - a +0 cloak (worn)
Jewellery
 p - a ring of protection from fire (left hand)
 A - a ring of sustain attributes (right hand)
Wands
 i - a wand of fire (12)
 y - a wand of lightning (4)
 C - a wand of cold (7)
Scrolls
 b - 3 scrolls of identify
 c - 3 scrolls of noise
 d - 2 scrolls of blinking
 f - 4 scrolls of remove curse
 m - a scroll of enchant weapon
 r - 4 scrolls of teleportation
 t - a scroll of recharging
 x - 2 scrolls of magic mapping
Potions
 a - 3 potions of curing
 e - a potion of flight
 j - a potion of berserk rage {unknown}
 k - a potion of cancellation {unknown}
 s - a potion of might
 v - 5 potions of heal wounds {unknown}
 w - 2 potions of haste {unknown}
 z - 3 potions of ambrosia
Comestibles
 n - 3 meat rations
 B - 5 chunks of flesh


   Skills:
 + Level 6.6 Fighting
 + Level 6.3 Axes
 + Level 1.0 Throwing
 + Level 8.4 Armour
 + Level 4.0 Dodging
 + Level 0.6 Stealth
 + Level 6.3 Shields
 + Level 4.2 Invocations


You had 9 spell levels left.
You didn't know any spells.

Dungeon Overview and Level Annotations

Branches:
Dungeon (9/15)             Temple (0/1) D:6
   Lair: D:8-11         Orc: D:9-12

Altars:
Cheibriados
Elyvilon
Kikubaaqudgha
Makhleb
Vehumet
Yredelemnul
Zin

Shops:
D:7 :

Annotations:
Abyss:1 Pikel


Innate Abilities, Weirdness & Mutations

You have hoof-like feet.
You have a moderately thin skeletal structure (Dex +4, Stealth+).
You sometimes gain a little power by taking damage.
You are partially covered in sharp spines.


Message History

You shrug off the repeated paralysis!
The sphinx hits you but does no damage. x3
The sphinx is struck by your spines. The sphinx hits you!
* * * LOW HITPOINT WARNING * * *
You focus on the pain.
You feel mightier all of a sudden. The sphinx hits you but does no damage.
The sphinx completely misses you. The sphinx is struck by your spines.
The sphinx hits you.
* * * LOW HITPOINT WARNING * * *
The sphinx hits you but does no damage. x2
The sphinx barely misses you. The sphinx hits you but does no damage.
The sphinx hits you.
* * * LOW HITPOINT WARNING * * *
The sphinx casts a spell.
You are confused.
You can move again.
You barely miss the sphinx. You kick the sphinx.
The sphinx is almost dead.
The sphinx hits you!
You die...

######+######
#>.........>#
#.....(.....#
#<....@H...<#
######'######
#.........#
##.#...#.##
#.......#
##.....##
#.....#
##...## #...#


You could see a sphinx.

Vanquished Creatures
  A great orb of eyes (D:9)
  Prince Ribbit (D:5)
  Edmund (D:4)
  Eustachio (D:4)
  2 hippogriffs
  The ghost of Gargoyl the Skirmisher, an amateur DsAK of Lugonu (D:3)
  2 wyverns (D:8)
  Duvessa (D:5)
  2 centaurs
  2 black bears (D:7)
  2 ogres
  3 orc warriors
  5 giant frogs
  Dowan (D:5)
  A scorpion (D:7)
  3 wights (D:8)
  8 jellies
  3 crimson imps
  A centaur skeleton (D:5)
  Crazy Yiuf (D:5)
  5 hounds
  5 orc wizards
  3 orc priests
  14 worker ants
  A giant frog skeleton (D:5)
  Terence (D:2)
  4 iguanas
  A hound skeleton (D:5)
  A hound zombie (D:5)
  13 adders
  2 worker ant zombies
  A shadow imp (D:5)
  An adder zombie (D:8)
  An adder skeleton (D:7)
  3 worms
  7 giant geckos
  28 orcs
  3 giant cockroaches
  7 hobgoblins
  9 jackals
  A quokka (D:2)
  A ball python (D:1)
  7 bats
  4 giant newts
  8 goblins
  A jackal skeleton (D:6)
  8 kobolds
  3 quokka skeletons
  9 rats
  4 fungi
198 creatures vanquished.

Vanquished Creatures (others)
  A slave (D:4)
  An orc warrior (D:4)
  An ogre (D:4)
  An adder (D:4)
  An orc (D:4)
  A giant newt (D:4)
  A fungus (D:5)
7 creatures vanquished.

Grand Total: 205 creatures vanquished

Notes
Turn   | Place    | Note
--------------------------------------------------------------
     0 | Abyss:1  | Gargoyl the Demonspawn Abyssal Knight began the quest for the Orb.
     0 | Abyss:1  | Reached XP level 1. HP: 18/18 MP: 2/2
    90 | Abyss:1  | Found a corrupted altar of Lugonu.
   144 | Abyss:1  | Noticed a large abomination
   146 | Abyss:1  | Noticed an apocalypse crab
   148 | D:1      | Escaped the Abyss
   299 | D:1      | Reached * piety under Lugonu
   374 | D:1      | Gained mutation: You have a somewhat thin skeletal structure (Dex +2, Stealth). [demonic ancestry]
   374 | D:1      | Reached XP level 2. HP: 22/24 MP: 4/4
  1245 | D:2      | Noticed Terence
  1273 | D:2      | Killed Terence
  1273 | D:2      | Reached skill level 1 in Dodging
  1273 | D:2      | Reached XP level 3. HP: 14/29 MP: 5/5
  1595 | D:2      | Reached ** piety under Lugonu
  1596 | D:2      | Gained mutation: You sometimes gain a little power by taking damage. [demonic ancestry]
  1596 | D:2      | Reached XP level 4. HP: 16/37 MP: 6/6
  2073 | D:2      | Reached skill level 4 in Fighting
  2280 | D:3      | Gained mutation: You are partially covered in sharp spines. [demonic ancestry]
  2280 | D:3      | Reached XP level 5. HP: 31/42 MP: 7/7
  2530 | D:3      | Noticed Gargoyl's ghost (amateur DsAK)
  2571 | D:3      | Killed Gargoyl's ghost
  2571 | D:3      | Gained mutation: You have large cloven feet. [demonic ancestry]
  2571 | D:3      | Reached XP level 6. HP: 26/48 MP: 8/8
  2907 | D:3      | Found a white marble altar of Elyvilon.
  3414 | D:4      | Noticed Eustachio
  3445 | D:4      | Killed Eustachio
  3445 | D:4      | Reached skill level 1 in Shields
  3445 | D:4      | Gained mutation: You have a moderately thin skeletal structure (Dex +4, Stealth+). [demonic ancestry]
  3445 | D:4      | Reached XP level 7. HP: 24/55 MP: 9/9
  3554 | D:3      | Reached *** piety under Lugonu
  3629 | D:4      | Noticed Pikel
  3639 | D:4      | Banished Pikel
  3946 | D:4      | Noticed Edmund
  3967 | D:4      | Killed Edmund
  4235 | D:4      | Reached skill level 5 in Armour
  4245 | D:4      | Gained mutation: You have hoof-like feet. [demonic ancestry]
  4245 | D:4      | Reached XP level 8. HP: 25/61 MP: 6/10
  4635 | D:5      | Entered Level 5 of the Dungeon
  4670 | D:5      | Found a snail-covered altar of Cheibriados.
  4678 | D:5      | Noticed Prince Ribbit
  4979 | D:5      | Killed Prince Ribbit
  4979 | D:5      | Reached skill level 5 in Fighting
  4979 | D:5      | Reached skill level 1 in Throwing
  5303 | D:5      | Noticed Crazy Yiuf
  5310 | D:5      | Killed Crazy Yiuf
  5676 | D:5      | Noticed Duvessa
  5677 | D:5      | Noticed Dowan
  5682 | D:5      | Killed Duvessa
  5682 | D:5      | Reached skill level 6 in Armour
  5687 | D:5      | Killed Dowan
  6473 | D:6      | Found an ancient bone altar of Kikubaaqudgha.
  6473 | D:6      | Found a burning altar of Makhleb.
  6568 | D:6      | Found a staircase to the Ecumenical Temple.
  6584 | D:6      | Reached XP level 9. HP: 48/69 MP: 12/12
  6731 | D:6      | Reached skill level 5 in Axes
  7136 | D:6      | Found a glowing silver altar of Zin.
  7550 | D:7      | Reached skill level 7 in Armour
  7619 | D:7      | Reached **** piety under Lugonu
  7635 | D:7      | Found Munif's Book Shop.
  8325 | D:7      | Reached skill level 5 in Shields
  8875 | D:8      | Found a basalt altar of Yredelemnul.
  9015 | D:8      | Found a radiant altar of Vehumet.
  9074 | D:8      | Reached XP level 10. HP: 76/76 MP: 13/13
  9472 | D:8      | Reached skill level 8 in Armour
 10112 | D:9      | Noticed a great orb of eyes
 10113 | D:9      | Noticed a sphinx
 10121 | D:9      | Killed a great orb of eyes
 10121 | D:9      | Paralysed by a sphinx for 4 turns
 10129 | D:9      | Paralysed by a sphinx for 6 turns
 10133 | D:9      | HP: 3/77 [sphinx (2)]
 10135 | D:9      | Mangled by a sphinx

Vault maps used:
D:1:      minmay_arrival_shattered_statue, minmay_misc_feat_doors
D:2:      uniq_terence
D:3:      elyvilon_altar_3, st_stairs_9
D:4:      first_bread, uniq_pikel, uniq_eustachio, uniq_edmund
D:5:      basic_altar, uniq_crazy_yiuf_cottage, uniq_prince_ribbit1,
          uniq_duvessa
D:6:      gammafunk_temple_overflow_pools, nicolae_overflow_crystal_walls,
          minmay_temple_entry_mist, hangedman_decor_growths,
          minmay_gold_behind_fungi
D:7:      serial_shops, shop
D:8:      lemuel_doored_altar, lemuel_round_altar
D:9:      minmay_diamond_stairs, ashenzari_altar_1, hangedman_fish_farm,
          nemelex_deck

Action                   |  1- 3 |  4- 6 |  7- 9 | 10-12 || total
-------------------------+-------+-------+-------+-------++-------
Melee: Hand axe          |   113 |   149 |   299 |    87 ||   648
Throw: Tomahawk          |       |     7 |     2 |       ||     9
Invok: Depart the Abyss  |     1 |       |       |       ||     1
       Banish            |       |       |     2 |     2 ||     4
  Use: Potion            |     1 |     5 |     4 |     1 ||    11
       Scroll            |       |     9 |     6 |     1 ||    16
  Eat: Bread ration      |     1 |       |     3 |       ||     4
       Chunk             |       |     1 |     2 |     1 ||     4
       Pizza             |       |     2 |     1 |       ||     3
       Beef jerky        |       |       |     3 |       ||     3
